Map: Backwater LE

Players

herO - Winner!

  • Race: Protoss Protoss
  • Spawn Location: 5:00

Scarlett

  • Race: Zerg Zerg
  • Spawn Location: 11:00

Event: 2018 Hangzhou StarCraft Carnival

VOD

Have the link to the VOD?

Description

Time

  • Played on: April 29, 2018, 4:52 a.m.
  • Length: 6:06

All games in this series

Show
View Real Time Build Order
Export as new Build Order

herO Protoss - Winner!

Build Orders: 1 Gate Expand, Phoenix Opening 

Get SALT Encoding   

  12  0:01  Probe  
  13  0:13  Probe  
  14  0:17  Pylon  
  14  0:24  Probe  
  15  0:32  Probe  
  15  0:40  Probe  
  16  0:44  Gateway  
  16  0:47  Assimilator  
  17  0:51  Probe  
  18  1:03  Probe  
  19  1:15  Probe  
  20  1:25  Nexus  
  20  1:36  Cybernetics Core  
  20  1:38  Probe  
  21  1:44  Assimilator  
  21  1:50  Probe  
  21  1:53  Pylon  
  22  2:02  Probe  
  22  2:03  Adept  
  23  2:14  Probe  
  26  2:17  Stargate  
  26  2:23  Warp Gate  
  26  2:26  Probe  
  26  2:29  Adept  
  27  2:34  Probe  
  27  2:35  Probe  
  29  2:42  Probe  
  29  2:43  Probe  
  33  2:52  Probe  
  33  2:53  Probe  
  33  2:55  Phoenix  
  33  2:56  Adept  
  37  3:05  Probe x2  
  40  3:11  Pylon  
  41  3:17  Probe  
  41  3:18  Probe  
  43  3:26  Robotics Facility  
  43  3:30  Probe x2  
  43  3:32  Assimilator  
  45  3:36  Assimilator  
  45  3:38  Probe  
  45  3:43  Twilight Council, Probe  
  45  3:46  Probe  
  47  3:55  Probe, Sentry  
  49  3:56  Pylon, Probe  
  52  4:03  Gateway  
  52  4:06  Pylon  
  50  4:11  Oracle  
  50  4:12  Gateway  
  51  4:17  Probe  
  51  4:18  Gateway  
  51  4:19  Probe  
  51  4:21  Pylon  
  53  4:26  Pylon  
  53  4:28  Shield Battery  
  53  4:32  Probe  
  54  4:39  Oracle  
  54  4:41  Shield Battery  
  54  4:42  Shield Battery  
  54  4:44  Probe  
  54  4:45  Shield Battery  
  55  4:51  Pylon  
  58  4:53  Pylon  
  58  4:57  Probe  
  59  5:08  Pylon  
  59  5:11  Probe  
  59  5:13  Cybernetics Core  
  61  5:18  Zealot  
  61  5:20  Pylon  
  62  5:21  Pylon, Oracle  
  62  5:27  Zealot  
  62  5:28  Probe x2  
  65  5:36  Pylon  
  65  5:39  Gateway  
  65  5:40  Gateway, Probe x2  
  65  5:41  Zealot  
  69  5:55  Templar Archives  
  69  6:02  Robotics Facility  
Show
View Real Time Build Order
Export as new Build Order

Scarlett Zerg 

Build Orders: Hatch First, Zergling Baneling 

Get SALT Encoding   

  12  0:00  Drone  
  13  0:12  Overlord  
  13  0:17  Drone  
  14  0:30  Drone x2  
  16  0:47  Hatchery  
  15  0:51  Drone  
  15  0:54  Drone  
  17  0:58  Drone  
  18  1:09  Extractor  
  17  1:18  Spawning Pool  
  16  1:20  Drone  
  16  1:22  Drone  
  18  1:28  Drone  
  19  1:39  Overlord  
  19  1:50  Drone  
  20  2:05  Zergling x2, Queen  
  20  2:06  Queen  
  20  2:07  Zergling x2  
  26  2:10  Metabolic Boost  
  26  2:13  Drone  
  27  2:17  Drone  
  27  2:21  Drone  
  27  2:22  Drone  
  30  2:33  Drone x2  
  32  2:45  Hatchery  
  31  2:52  Overlord  
  31  2:55  Drone x2  
  33  3:03  Drone  
  33  3:05  Drone  
  35  3:07  Zergling x2  
  35  3:12  Zergling x2  
  37  3:16  Zergling x2  
  37  3:17  Zergling x4  
  37  3:19  Zergling x2  
  41  3:21  Baneling Nest  
  40  3:27  Overlord  
  40  3:28  Overlord  
  40  3:35  Queen  
  40  3:38  Zergling x2  
  40  3:39  Zergling x2  
  43  3:49  Zergling x10  
  48  4:02  Zergling x6  
  49  4:06  Baneling  
  49  4:07  Baneling x3  
  46  4:10  Zergling x2  
  46  4:11  Zergling x2  
  46  4:12  Zergling x4  
  49  4:18  Zergling x2  
  49  4:19  Zergling x4  
  51  4:29  Zergling x8  
  53  4:31  Zergling x2  
  53  4:32  Zergling x2  
  53  4:34  Baneling  
  53  4:35  Baneling  
  53  4:37  Baneling x2  
  53  4:43  Zergling x4  
  53  4:45  Baneling x2  
  51  4:57  Zergling x10  
  49  5:07  Baneling x5  
  48  5:14  Baneling  
  48  5:15  Zergling x2  
  48  5:16  Zergling x6  
  45  5:29  Zergling x10  
  48  5:35  Zergling x2  
  48  5:36  Zergling x4  
  48  5:39  Zergling x2  
  48  5:40  Drone  
  50  5:44  Drone  
  50  5:46  Drone  
  50  5:47  Drone  
  52  5:50  Drone  
  52  5:52  Drone  
Tags
 
Add a new tag
Caveats
  • Supply blocks, unpowered buildings, or Contaminate may cause inaccurate times.
  • Supply counts are checked every 10 seconds.